 Dungeon Crawl Stone Soup version 0.31-a0-325-g067879e3d3 (webtiles) character file.

Game seed: 5373706169185276808

46 porpoise the Grasshopper (level 3, -3/29 HPs)
             Began as a Barachi Warper on July 19, 2023.
             Killed from afar by Robin (7 damage)
             ... with a puff of flame
             ... on level 2 of the Dungeon.
             The game lasted 00:05:12 (1280 turns).

porpoise the Grasshopper (Barachi Warper)           Turns: 1280, Time: 00:05:13

Health: -3/29      AC:  3    Str: 12    XL:     3   Next: 68%
Magic:  6/6        EV: 12    Int: 13    God:
Gold:   59         SH:  0    Dex: 13    Spells: 6/6 levels left

rFire   . . .        a - +0 dagger (drain)
rCold   . . .        (no shield)
rNeg    . . .        b - +0 leather armour
rPois   .            (no helmet)
rElec   .            (no cloak)
rCorr   .            (no gloves)
SInv    .            (no boots)
Will    .....        (no amulet)
Stlth   +            (no ring)
HPRegen 0.24/turn    (no ring)
MPRegen 0.10/turn

%: no passive effects
@: slow
A: amphibious, slowness 1, strong legs 1, +LOS
a: Hop


You were on level 2 of the Dungeon.
You visited 1 branch of the dungeon, and saw 2 of its levels.

You collected 59 gold pieces.

Inventory:

Hand Weapons
 a - a +0 dagger of draining (weapon)
 f - a +0 falchion
Missiles
 d - 7 boomerangs of dispersal (quivered)
Armour
 b - a +0 leather armour (worn)
Scrolls
 c - 2 scrolls of blinking
 e - 2 scrolls of identify {unknown}
 g - a scroll of noise {unknown}
 h - a scroll of teleportation {unknown}
 i - a scroll of silence {unknown}
 j - a scroll of enchant weapon {unknown}


   Skills:
 + Level 3.2 Fighting
 * Level 2.4(2.9) Short Blades
 - Level 2.5(3.1) Long Blades
 - Level 1.1 Throwing
 - Level 1.3 Armour
 - Level 2.2 Dodging
 - Level 2.2 Spellcasting
 - Level 3.3 Translocations


You had 6 spell levels left.
You didn't know any spells.
Your spell library contained the following spells:

 Spells                   Type           Power      Damage    Failure   Level
 Blink                    Tloc           20%        N/A       12%         2
 Lesser Beckoning         Tloc           20%        N/A       12%         2
 Teleport Other           Tloc           10%        N/A       24%         3
 Magic Dart               Conj           4%         1d3       32%         1
 Call Imp                 Summ           2%         N/A       43%         2
 Vhi's Electric Charge    Tloc/Air       10%        N/A       43%         3
 Manifold Assault         Tloc           10%        N/A       63%         4
 Mephitic Cloud           Conj/Pois/Air  1%         N/A       67%         3


Dungeon Overview and Level Annotations

Branches:
Dungeon (2/15)

Altars:

Shops:
D:1 [

Annotations:
D:2 Robin


Innate Abilities, Weirdness & Mutations

You are amphibious.
You cover ground slowly.
You can hop short distances.
You have an extended range of vision and can be seen from far away.


Message History

The endoplasm hits you. The endoplasm freezes you.
You are frozen.
A goblin comes into view. It is wielding a +0 dagger.
You see here a +0 dagger.
The goblin shouts!
You hit the endoplasm. You drain the endoplasm.
You kill the endoplasm!
The goblin shoots a sling bullet.
The sling bullet hits you. Robin throws the goblin at you!
A goblin comes into view. It is wielding a +0 club.
The goblin shoots a sling bullet.
The sling bullet hits you but does no damage.
Robin misses you.
The goblin shoots a sling bullet.
The sling bullet hits you.
You hit Robin but do no damage. You drain Robin.
Robin is moderately wounded.
Robin barely misses you.
The goblin shoots a sling bullet.
The sling bullet hits you.
* * * LOW HITPOINT WARNING * * *
You barely miss Robin.
Robin is moderately wounded.
Robin hits you with a +0 club.
* * * LOW HITPOINT WARNING * * *
The goblin shoots a sling bullet.
The sling bullet hits you.
* * * LOW HITPOINT WARNING * * *
You aren't carrying any potions.
You barely miss Robin.
Robin is moderately wounded.
You hit Robin. You drain Robin.
Robin is severely wounded.
The hobgoblin completely misses you.
Robin zaps a wand.
The puff of flame misses you.
You barely miss Robin.
Robin is severely wounded.
The goblin unwields a +0 sling.
The goblin wields a +0 dagger.
The goblin closely misses you.
You barely miss Robin.
Robin is severely wounded.
Robin zaps a wand.
The puff of flame hits you!
You die...

.## #.# ##..
#.# ..# #.#
..# #.# ..#
#g#.# ..#
#.#.#.# ..#
#g#.#.# ###
#g#...#
####@g.#.#
#...g#.#.#
#...##)#.#.#
#....
#.#.#.# ####
#.....#
###...#
###.# #.#
#.#


You could see Robin (very drained), a hobgoblin (strong) and 3 goblins.

Vanquished Creatures
  An adder (D:2)
  4 endoplasms
  5 goblins
  6 hobgoblins
  3 kobolds
  2 quokkas (D:1)
  3 ball pythons
  3 bats
  4 frilled lizards
  2 rats (D:1)
33 creatures vanquished.

Notes
Turn   | Place    | Note
-------+----------+-------------------------------------------
     0 | D:1      | porpoise the Barachi Warper began the quest for the Orb.
     0 | D:1      | Reached XP level 1. HP: 17/17 MP: 3/3
    87 | D:1      | Found Ashroisiz's Antique Armour Emporium.
   269 | D:1      | Reached XP level 2. HP: 23/23 MP: 5/5
   307 | D:1      | Reached skill level 1 in Short Blades
   611 | D:1      | Reached XP level 3. HP: 27/29 MP: 6/6
  1265 | D:2      | Noticed Robin
  1280 | D:2      | Killed from afar by Robin

Illustrated notes

Levels and vault maps discovered:
D:1:      heliophobic_arrival_dark_side_of_the_moon, layout_rooms, serial_shops,
          shop
D:2:      layout_basic, uniq_robin

Skill      XL: |  1  2  3 |
---------------+----------+-----
Short Blades   | 1 2 |  2.4
Fighting       | 3 |  3.2
Long Blades    | |  2.5
Throwing       | |  1.1
Armour         | |  1.3
Dodging        | |  2.2
Spellcasting   | |  2.2
Translocations | |  3.3

Action                     || total
---------------------------++-------
  Melee: Falchion          ||    16
         Dagger            ||   103
         Punch             ||     2
   Stab: Sleeping          ||     1
 Armour: Leather armour    ||    27
  Dodge: Dodged            ||    67

Table legend: (Time is in decaauts)
 A = Elapsed time spent in this place.
 B = Non-inter-level travel time spent in this place.
 C = Inter-level travel time spent in this place.
 D = Time resting spent in this place.
 E = Time spent auto-exploring this place.
 F = Levels seen in this place.
 G = Mean time per level.
                   A        B        C        D        E       F      G
               +--------+--------+--------+--------+--------+-----+--------+
         Total |   1397 |   1351 |     46 |    450 |    657 |   2 |  698.5 |
       Dungeon |   1397 |   1351 |     46 |    450 |    657 |   2 |  698.5 |
               +--------+--------+--------+--------+--------+-----+--------+

Top non-repeatable levels by time:
     D:1: 979 daAuts
     D:2: 418 daAuts
